AoeStats
← frestrepo.7

Arena

505546883Analyzed
2v2 RM · 22d ago on Sep 9, 2026· 29m 15s· 4 players
Game mode
Random Map
Map size
Medium (4 player)
Population
200
Speed
Normal
Resources
Standard
Victory
Conquest
Starting age
Dark Age
Ending age
Imperial Age
RankedLock teamsTeams togetherTeam positionsShared explorationLock speedFull tech treeHidden civsTurbo modeCheats
Victory
Defeat
🇪🇬 Japanese · Egypt
906
+16
🇪🇸 Bulgarians · Spain
896
+17
🇨🇴 Cumans · Colombia
952
-53
🇺🇸 Franks · United States
880
-27
paingemBN
11:07 Feudal Age
9:22 Loom
11:49 Horse Collar
12:13 Double-Bit Axe
18:12 Castle Age
17:06 Scale Mail Armor
17:48 Forging
18:23 Fletching
20:17 Wheelbarrow
20:04 Gambesons
23:30 Bow Saw
27:51 Chain Mail Armor
28:02 Squires
27:49 Arson
28:52 Iron Casting
Hazem
0:47 Loom
10:27 Feudal Age
19:02 Castle Age
17:48 Gold Mining
20:29 Wheelbarrow
20:54 Double-Bit Axe
23:08 Horse Collar
24:24 Heavy Plow
26:26 Bow Saw
27:58 Forging
27:48 Scale Mail Armor
frestrepo.7
11:44 Feudal Age
10:01 Loom
12:41 Double-Bit Axe
23:26 Castle Age
23:44 Castle Age
22:21 Wheelbarrow
25:08 Bow Saw
25:41 Husbandry
26:45 Scale Barding Armor
26:49 Scale Mail Armor
26:48 Fletching
28:08 Gold Mining
28:11 Stone Mining
danielirurita
0:51 Loom
12:12 Feudal Age
15:57 Man-at-Arms
Connection lost

Rejoining the realm…

Still unreachable

The connection could not be restored.

Session expired

The server has moved on; the page needs a fresh start.